 Dungeon Crawl Stone Soup version 0.27-a0-1188-g73eefd5def (webtiles) character file.

Game seed: 9595792898958835446

17 willcat the Gusty (level 2, -3/19 HPs)
             Began as a Formicid Air Elementalist on May 21, 2021.
             Was a Follower of Zin.
             Slain by an adder (4 damage)
             ... on level 2 of the Dungeon.
             The game lasted 00:02:18 (1521 turns).

willcat the Gusty (Formicid Air Elementalist)       Turns: 1521, Time: 00:02:18

Health: -3/19      AC:  3    Str: 12    XL:     2   Next: 80%
Magic:  0/5        EV: 15    Int: 14    God:    Zin [*.....]
Gold:   12         SH:  0    Dex: 11    Spells: 3/6 levels left

rFire    + . .     SeeInvis +   h - +0 whip
rCold    + . .     Faith    .   (no shield)
rNeg     . . .     Spirit   .   e - +0 leather armour
rPois    +         Reflect  .   (helmet unavailable)
rElec    +         Harm     .   (no cloak)
rCorr    +         Rampage  .   (no gloves)
Will     .....                  (no boots)
Stlth    ++........             (no amulet)
HPRegen  0.06/turn              d - +4 ring of evasion
MPRegen  0.09/turn              (no ring)

@: lethally poisoned (-3 -> -7), resistant, very slightly contaminated
A: permanent stasis, dig shafts and tunnels, antennae 3, four strong arms
a: Dig, Shaft Self, Renounce Religion, Recite, Donate Gold


You were on level 2 of the Dungeon.
You worshipped Zin.
Zin was aware of your devotion.
You visited 1 branch of the dungeon, and saw 2 of its levels.

You collected 13 gold pieces.
You donated 1 gold pieces to Zin.

Inventory:

Hand Weapons
 h - a +0 whip (weapon)
Armour
 a - a +0 robe
 e - a +0 leather armour (worn)
Jewellery
 d - a +4 ring of evasion (left hand)
Scrolls
 b - a scroll of enchant armour {unknown}
 f - 2 scrolls of teleportation {unknown}
 g - 3 scrolls of noise {unknown}


   Skills:
 - Level 1.7 Dodging
 - Level 2.4 Stealth
 + Level 2.6 Spellcasting
 + Level 1.4 Conjurations
 + Level 2.6 Air Magic


You had 3 spell levels left.
You knew the following spells:

 Your Spells              Type           Power      Damage    Failure   Level
a - Shock                 Conj/Air       28%        1d4       12%         1
b - Static Discharge      Conj/Air       7%         N/A       19%         2

Your spell library contained the following spells:

 Spells                   Type           Power      Damage    Failure   Level
 Beastly Appendage        Tmut           2%         N/A       28%         1
 Corona                   Hex            1%         N/A       28%         1
 Ensorcelled Hibernation  Hex/Ice        2%         N/A       41%         2
 Wereblood                Tmut           1%         N/A       41%         2
 Dazzling Flash           Conj/Hex       6%         N/A       54%         3
 Confusing Touch          Hex            1%         N/A       65%         3
 Spider Form              Tmut/Pois      0%         N/A       65%         3
 Tukima's Dance           Hex            1%         N/A       65%         3
 Airstrike                Air            4%         N/A       67%         4
 Ice Form                 Ice/Tmut       1%         N/A       96%         4
 Lightning Bolt           Conj/Air       3%         1d15      98%         5
 Hydra Form               Tmut           0%         N/A       100%        5
 Swiftness                Air            Unusable   N/A       N/A         3

Dungeon Overview and Level Annotations

Branches:
Dungeon (2/15)

Altars:
Zin


Innate Abilities, Weirdness & Mutations

You cannot be hasted, slowed, berserked, paralysed or teleported.
You can dig through walls and to a lower floor.
You have a pair of large antennae on your head. (SInv)
Your four strong arms can wield two-handed weapons with a shield.


Message History

You hit the adder but do no damage. The adder barely misses you.
You barely miss the adder. The adder bites you.
You are poisoned.
The adder poisons you! The adder bites you but does no damage.
You closely miss the adder.
You feel sick. The adder closely misses you.
You hit the adder but do no damage.
You feel sick. The adder bites you. The adder bites you but does no damage.
Casting: Shock (safe; 12% risk of failure)
Confirm with . or Enter, or press ? or * to list all spells.
You miscast Static Discharge.
You are very lightly contaminated with residual magic.
Nothing appears to happen.
You feel sick.
You are no longer poisoned.
The adder closely misses you.
Casting: Static Discharge (safe; 19% risk of failure)
Confirm with . or Enter, or press ? or * to list all spells.
The adder is struck by an arc of lightning.
The adder is heavily wounded.
You are struck by an arc of lightning.
* * * LOW HITPOINT WARNING * * *
The lightning grounds out.
The adder bites you.
* * * LOW HITPOINT WARNING * * *
You are lethally poisoned!
The adder poisons you!
Unknown command.
Casting: Static Discharge (safe; 19% risk of failure)
Confirm with . or Enter, or press ? or * to list all spells.
Aiming: Shock (safe; 12% risk of failure)
Press: ? - help, Shift-Dir - straight line, f - adder
Aim: an adder (heavily wounded, 48% to hit)
The zap hits the adder.
The adder is severely wounded.
* * * LOW HITPOINT WARNING * * *
You feel sick. The adder closely misses you.
Unknown command.
It was a potion of resistance.
You feel protected. Zin protects you from harm! The adder bites you.
You die...

#.....>..........###
#.##.#.........##..#
#.##.#.#...#######.#
#..#.#.#...# #.#
#..#.#####.# #.#
#..#.. ..#.# #.#
##.#####.#.# ##.#
#.....#.#.# ##..
#.@...#.#.# #####
#.S...# #.......###
#.....# ####.#
#....## #. #....# #.
[..... #. ##.....
.......


You could see an adder.

Vanquished Creatures
  A dart slug (D:1)
  A ball python (D:1)
  3 endoplasms
  2 giant cockroaches (D:1)
  2 hobgoblins (D:1)
  A quokka (D:1)
  A bat (D:1)
  2 rats
13 creatures vanquished.

Notes
Turn   | Place    | Note
-------+----------+-------------------------------------------
     0 | D:1      | willcat the Formicid Air Elementalist began the quest for
                  | the Orb.
     0 | D:1      | Reached XP level 1. HP: 13/13 MP: 3/3
   163 | D:1      | Reached skill level 1 in Conjurations
   421 | D:1      | Reached XP level 2. HP: 10/19 MP: 1/5
   574 | D:1      | Learned a level 2 spell: Static Discharge
  1332 | D:2      | Found a faded altar of an unknown god.
  1392 | D:2      | Became a worshipper of Zin the Law-Giver
  1392 | D:2      | Reached * piety under Zin
  1521 | D:2      | Zin protects you from harm!
  1521 | D:2      | Slain by an adder

Illustrated notes

Levels and vault maps discovered:
D:1:      dpeg_arrival_yet_another_circle, layout_basic
D:2:      layout_basic, serial_co_window_serial, co_window_paths_a,
          co_window_paths_b, co_window_corner_a, co_window_paths_b,
          co_window_corner_a, co_window_2corner, co_window_broadway_b,
          co_window_2corner, co_window_corner_b, co_window_unsneaky_path_b,
          co_window_unsneaky_path_c, co_window_corner_cb, co_window_4corner_a,
          glass_columns_a, glass_columns_b, glass_columns_b, glass_columns_a,
          glass_columns_a, basic_ecumenical_altar

Skill      XL: |  1 |
---------------+----+-----
Conjurations   | 1 |  1.4
Dodging        | |  1.7
Stealth        | |  2.4
Spellcasting   | |  2.6
Air Magic      | |  2.6

Action                   || total
-------------------------++-------
Melee: Whip              ||    23
       Unarmed           ||     8
 Cast: Shock             ||    26
       Static Discharge  ||     1
Invok: Donate Gold       ||     1
  Use: Potion            ||     1
Armor: Leather armour    ||     8
       Robe              ||     2
Dodge: Dodged            ||    25

Table legend: (Time is in decaauts)
 A = Elapsed time spent in this place.
 B = Non-inter-level travel time spent in this place.
 C = Inter-level travel time spent in this place.
 D = Time resting spent in this place.
 E = Time spent auto-exploring this place.
 F = Levels seen in this place.
 G = Mean time per level.
                   A        B        C        D        E       F      G
               +--------+--------+--------+--------+--------+-----+--------+
         Total |   1522 |   1451 |     71 |    284 |    938 |   2 |  761.0 |
       Dungeon |   1522 |   1451 |     71 |    284 |    938 |   2 |  761.0 |
               +--------+--------+--------+--------+--------+-----+--------+

Top non-repeatable levels by time:
     D:1: 1314 daAuts
     D:2: 207 daAuts
